 Dungeon Crawl Stone Soup version 0.19.5 (webtiles) character file.

1380 Jerry the Skirmisher (level 8, 0/65 HPs)
             Began as a Formicid Abyssal Knight on Mar 12, 2017.
             Was an Elder of Lugonu.
             Killed by a spatial distortion (3 damage)
             ... on level 5 of the Dungeon.
             The game lasted 00:17:49 (5693 turns).

Jerry the Skirmisher (Formicid Abyssal Knight)      Turns: 5693, Time: 00:17:50

Health: 0/65       AC: 11    Str: 18    XL:     8   Next: 99%
Magic:  12/12      EV:  7    Int: 13    God:    Lugonu [****..]
Gold:   316        SH:  4    Dex: 10    Spells: 0 memorised, 7 levels left

rFire  + . .     SeeInvis +     a - +2 falchion
rCold  . . .     Gourm    .     h - +1 chain mail {rN+}
rNeg   + . .     Faith    .     (no shield)
rPois  .         Spirit   .     (helmet unavailable)
rElec  .         Reflect  .     (no cloak)
rCorr  .         Harm     .     (no gloves)
MR     .....                    (no boots)
Stlth  ..........               (no amulet)
                                t - ring of protection from fire
                                n - ring of wizardry

@: no status effects
A: permanent stasis, dig shafts and tunnels, four strong arms, antennae 3, beak,
hooves 2, large bone plates 1, blurry vision 3
a: Dig, Shaft Self, Depart the Abyss, Bend Space, Banish, Corrupt, Renounce
Religion


You were on level 5 of the Dungeon.
You worshipped Lugonu.
Lugonu was greatly pleased with you.
You were near starving.

You visited 1 branch of the dungeon, and saw 5 of its levels.
You visited the Abyss 1 time.
You also visited: Sewer and Ossuary.

You collected 316 gold pieces.

Inventory:

Hand Weapons
 a - a +2 falchion (weapon)
 b - a +2 short sword of draining
Armour
 h - a +1 chain mail of positive energy (worn)
Jewellery
 m - an uncursed ring of fire
 n - a ring of wizardry (left hand)
 t - a ring of protection from fire (right hand)
Scrolls
 i - 2 scrolls of immolation
 k - a scroll of amnesia
 p - a scroll of enchant weapon
 s - a scroll of identify
 v - a scroll of remove curse
Potions
 e - 3 potions of curing
 f - a potion of lignification
 j - a potion of haste
 o - 2 potions of ambrosia
 q - a potion of degeneration {unknown}
 u - 2 potions of berserk rage {unknown}
Books
 d - a book of Frost

   Spells                             Type                      Level
   a - Freeze                         Ice                          1
   b - Throw Frost                    Conjuration/Ice              2
   c - Ozocubu's Armour               Charms/Ice                   3
   d - Throw Icicle                   Conjuration/Ice              4
   e - Summon Ice Beast               Ice/Summoning                4
Comestibles
 c - 3 bread rations
 g - a meat ration
 l - 2 fruits


   Skills:
 + Level 6.4 Fighting
 + Level 5.8 Long Blades
 + Level 6.0 Armour
 - Level 0.8 Dodging
 + Level 6.3 Invocations


You had 7 spell levels left.
You didn't know any spells.

Dungeon Overview and Level Annotations

Branches:
Dungeon (5/15)
 Temple: D:4-7

Altars:

Annotations:
D:5 Camlann's ghost, novice FoFi


Innate Abilities, Weirdness & Mutations

You are under a permanent stasis effect.
You can dig through walls and to a lower floor.
Your four strong arms can wield two-handed weapons with a shield.
You have a pair of large antennae on your head. (SInv)
You have a beak for a mouth.
You have hoof-like feet.
You are partially covered in large bone plates. (SH +4)
Scrolls take you much longer to read.


Message History

The sky beast is moderately wounded.
The sky beast hits you.
* * * LOW HITPOINT WARNING * * *
The sky beast shocks you.
* * * LOW HITPOINT WARNING * * *
You hit the sky beast.
You kick the sky beast, but do no damage.
You peck the sky beast.
The sky beast is heavily wounded.
The sky beast flickers out of sight for a moment.
The sky beast hits you but does no damage.
You hit the sky beast. Your kick misses the sky beast.
Your peck misses the sky beast.
The sky beast is severely wounded.
The sky beast hits you.
* * * LOW HITPOINT WARNING * * *
The sky beast shocks you.
* * * LOW HITPOINT WARNING * * *
Space bends around you!
You blink.
You die...

#.# #.# .# #.#
.# ##.####.#
###..##...# #
#.........##.#
#....§†......
#.....Y...#.#
#.......@...#
#######...###
#...# #...#
#...# #...#
#####


You could see a sky beast (invisible).

Vanquished Creatures
  A crocodile (Sewer)
  2 elf zombies
  A bullfrog (D:4)
  3 elf skeletons (D:5)
  A scorpion (D:4)
  2 howler monkeys (D:5)
  A crimson imp (D:5)
  2 centaur zombies (Ossuary)
  A bullfrog zombie (D:5)
  2 hounds (D:4)
  A gnoll shaman (D:4)
  An orc priest (D:4)
  2 orc wizards (D:4)
  5 bullfrog skeletons (D:5)
  A human zombie (D:5)
  2 iguanas
  A worker ant (D:4)
  2 big kobold zombies (Ossuary)
  2 mummies (Ossuary)
  2 adders (D:4)
  4 gnolls (D:4)
  An ooze (D:1)
  An adder zombie (Ossuary)
  2 worms
  A dart slug (D:1)
  2 leopard geckos
  19 orcs
  A ball python (D:4)
  10 giant cockroaches
  5 hobgoblins (D:2)
  A quokka (D:4)
  13 bats
  6 frilled lizards
  A giant cockroach zombie (D:5)
  8 goblins
  11 hobgoblin zombies (Ossuary)
  2 jackal zombies (Ossuary)
  7 kobolds
  8 kobold zombies (Ossuary)
  An orc skeleton (D:5)
  7 orc zombies (Ossuary)
  9 rats
  2 rat zombies (Ossuary)
157 creatures vanquished.

Notes
Turn   | Place    | Note
-------+----------+-------------------------------------------
     0 | Abyss:1  | Jerry the Formicid Abyssal Knight began the quest for the Orb.
     0 | Abyss:1  | Reached XP level 1. HP: 18/18 MP: 2/2
    39 | D:1      | Escaped the Abyss
   226 | D:1      | Reached XP level 2. HP: 15/24 MP: 3/3
   651 | D:1      | Reached ** piety under Lugonu
   651 | D:1      | Reached XP level 3. HP: 29/29 MP: 4/4
  1816 | D:2      | Reached XP level 4. HP: 37/37 MP: 6/6
  2388 | D:4      | Noticed a bullfrog
  2402 | D:4      | Found a glowing drain.
  2404 | D:4      | Reached XP level 5. HP: 8/42 MP: 5/7
  2406 | D:4      | HP: 1/42 [spatial distortion (2)]
  2409 | D:4      | Killed a bullfrog
  2634 | D:4      | Reached XP level 6. HP: 36/49 MP: 8/8
  2647 | Sewer    | Entered a sewer
  2798 | Sewer    | Reached *** piety under Lugonu
  3279 | D:4      | Gained mutation: You are weak. (Str -2) [potion of mutation]
  3279 | D:4      | Gained mutation: You have a beak for a mouth. [potion of mutation]
  3279 | D:4      | Gained mutation: Scrolls take you a little longer to read. [potion of mutation]
  3293 | D:4      | Reached XP level 7. HP: 6/55 MP: 10/10
  4160 | D:4      | Reached skill level 5 in Fighting
  4595 | D:5      | Entered Level 5 of the Dungeon
  4623 | D:5      | Reached skill level 5 in Armour
  4623 | D:5      | Reached skill level 5 in Invocations
  4632 | D:5      | Reached XP level 8. HP: 42/62 MP: 11/11
  4641 | D:5      | Noticed Camlann's ghost (novice FoFi)
  4771 | D:5      | Reached skill level 5 in Long Blades
  4804 | D:5      | Found a sand-covered staircase.
  4996 | Ossuary  | Entered an ossuary
  5214 | Ossuary  | Reached **** piety under Lugonu
  5629 | D:5      | Lost mutation: You are weak. (Str -2) [potion of mutation]
  5629 | D:5      | Gained mutation: Scrolls take you longer to read. [potion of mutation]
  5629 | D:5      | Gained mutation: Scrolls take you much longer to read. [potion of mutation]
  5630 | D:5      | Gained mutation: You have large cloven feet. [potion of mutation]
  5630 | D:5      | Gained mutation: You have hoof-like feet. [potion of mutation]
  5630 | D:5      | Gained mutation: You are partially covered in large bone plates. (SH +4) [potion of mutation]
  5692 | D:5      | HP: 3/65 [sky beast (6)]
  5693 | D:5      | Killed by a spatial distortion

Skill      XL: |  1  2  3  4  5  6  7  8 |
---------------+-------------------------+-----
Armour         | 3 4 5 6 |  6.0
Invocations    | 3 4 5 6 |  6.3
Fighting       | 4 5 6 |  6.4
Long Blades    | 3 4 5 |  5.8
Dodging        | |  0.8

Action                   |  1- 3 |  4- 6 |  7- 9 || total
-------------------------+-------+-------+-------++-------
Melee: Falchion          |   106 |   129 |   397 ||   632
       Short sword       |       |    51 |       ||    51
       Peck              |       |     1 |    76 ||    77
       Kick              |       |       |     8 ||     8
Invok: Bend Space        |       |     2 |       ||     2
 Abil: Dig               |       |     2 |       ||     2
  Use: Scroll            |       |     8 |     1 ||     9
       Potion            |       |     5 |     2 ||     7
  Eat: Chunk             |     3 |     5 |     5 ||    13
       Fruit             |       |       |     2 ||     2
Armor: Chain mail        |    69 |   118 |   207 ||   394
       Leather armour    |     2 |       |       ||     2
Dodge: Dodged            |    49 |    74 |   128 ||   251
Block: Other             |       |       |     5 ||     5
       Rpst.: Falchion   |    17 |    24 |    44 ||    85
